 Dungeon Crawl Stone Soup version 0.29.1-12-g30fa7ad0bf (webtiles) character file.

Game seed: 3266032154524563597

23 sneakypete the Ducker (level 2, -1/33 HPs)
             Began as a Demonspawn Gladiator on Jan 12, 2023.
             Was a Follower of Cheibriados.
             Slain by an orc
             ... wielding a +0 club
              (4 damage)
             ... on level 2 of the Dungeon.
             The game lasted 00:07:10 (1270 turns).

sneakypete the Ducker (Demonspawn Gladiator)        Turns: 1270, Time: 00:07:11

Health: -1/33      AC: 21    Str: 17    XL:     2   Next: 75%
Magic:  2/2        EV:  2    Int: 12    God:    Cheibriados [*.....]
Gold:   84         SH:  0    Dex: 17    Spells: 1/1 levels left

rFire   + . .      SeeInvis .   n - staff of fire
rCold   . . .      Faith    .   (no shield)
rNeg    . . .      Spirit   .   (body armour currently unavailable)
rPois   +          Reflect  .   (helmet currently unavailable)
rElec   .          Harm     .   (cloak currently unavailable)
rCorr   .          Rampage  .   (gloves currently unavailable)
Will    .....      NoTele   +   (boots currently unavailable)
Stlth   ++........              (no amulet)
HPRegen 0.11/turn               (no ring)
MPRegen 0.08/turn               (no ring)

@: tree-form, very slow
A: stationary, stasis, torment immunity, boosted hp, (spiny 1)
a: Renounce Religion, Bend Time


You were on level 2 of the Dungeon.
You worshipped Cheibriados.
Cheibriados was aware of your devotion.
You were a tree.
You visited 1 branch of the dungeon, and saw 2 of its levels.

You collected 84 gold pieces.

Inventory:

Hand Weapons
 a - a +0 war axe
 k - a +2 whip of distortion
Missiles
 d - a throwing net (quivered)
 e - a javelin
Armour
 b - a +0 leather armour
 c - a +0 helmet (melded)
 f - a +0 pair of boots (melded)
 m - a +0 ring mail (melded)
Magical Staves
 n - a staff of fire (weapon)
 p - a staff of air
Scrolls
 g - a scroll of poison {unknown}
 h - 2 scrolls of teleportation {unknown}
 o - a scroll of immolation {unknown}
Potions
 i - a potion of invisibility {unknown}
 j - 2 potions of berserk rage {unknown}
 l - 2 potions of lignification


   Skills:
 + Level 2.0 Fighting
 + Level 2.9 Axes
 + Level 2.0 Throwing
 + Level 0.1 Armour
 + Level 3.2 Dodging


You had one spell level left.
You didn't know any spells.
Your spell library was empty.

Dungeon Overview and Level Annotations

Branches:
Dungeon (2/15)

Altars:
Cheibriados


Innate Abilities, Weirdness & Mutations

You are a tree.
Your roots penetrate the ground, keeping you stationary.
You cannot be teleported.
You are immune to unholy pain and torment.
Your maximum health is greatly increased.
Your equipment is partially melded.
((You are partially covered in sharp spines.))


Message History

The orc priest invokes the aid of Beogh against you.
Pain shoots through your body!
The orc priest struggles against the net.
Throw: 2 throwing nets
Press: ? - help, Q - select action, (/) - cycle Shift-Dir - straight line, f/p - orc priest
Aim: an orc priest, wielding a +0 whip (entangled in a net, 90% to hit)
Okay, then.
You are already wielding that!
You barely miss the orc. The bat barely misses you.
A hobgoblin comes into view.
The orc closely misses you. The bat hits you but does no damage.
Throw: 2 throwing nets
Press: ? - help, Q - select action, (/) - cycle Shift-Dir - straight line, f - orc, p - orc priest
Aim: an orc, wielding a +0 hand axe (62% to hit)
You throw a throwing net.
The throwing net closely misses the orc.
The throwing net hits the orc.
The orc is caught in the net!
The hobgoblin shouts!
The bat closely misses you. The orc hits you with a +0 hand axe.
The orc priest invokes the aid of Beogh against you.
Beogh smites you!
Ouch! That really hurt!
* * * LOW HITPOINT WARNING * * *
The orc priest struggles against the net.
The orc struggles against the net.
The bat is struck by your spines.
You kill the bat!
Cheibriados thoroughly appreciates the change of pace.
Cheibriados raises the support of your attributes as your movement slows.
It was a potion of lignification.
You turn into a tree.
Your +0 helmet melds into your body.
Your +0 pair of boots melds into your body.
Your +0 ring mail melds into your body.
Your roots penetrate the ground.
The orc struggles against the net.
The orc hits you but does no damage.
You cannot move.
You closely miss the orc.
The orc struggles against the net.
The orc hits you but does no damage.
The orc priest struggles against the net.
The orc hits you but does no damage. x2; The orc struggles against the net.
The orc hits you with a +0 club.
You die...

..##########
..........#
#......<..##.
#............
#.......g.o#.
#............ #...
#....†....... .....
#♣oo...# .....
#.o..$.#
.....######.###....
............# ##.
......###...########
.......#..#.....†..#
...............###.#
.....#.......#.#
#.####### (..
###>....#.###....)..#


You could see an orc priest (caught), 3 orcs and a hobgoblin.

Vanquished Creatures
  4 bats
  An endoplasm (D:1)
  3 goblins
  2 hobgoblins (D:1)
  3 quokkas
  2 ball pythons (D:1)
  3 frilled lizards
  3 kobolds (D:1)
  A rat (D:1)
22 creatures vanquished.

Notes
Turn   | Place    | Note
-------+----------+-------------------------------------------
     0 | D:1      | sneakypete the Demonspawn Gladiator began the quest for the
                  | Orb.
     0 | D:1      | Reached XP level 1. HP: 16/16 MP: 1/1
   358 | D:1      | Reached skill level 3 in Dodging
   359 | D:1      | Gained mutation: You are partially covered in sharp spines.
                  | [demonic ancestry]
   359 | D:1      | Reached XP level 2. HP: 22/22 MP: 2/2
   657 | D:1      | Found a faded altar of an unknown god.
   791 | D:1      | Prayed at the altar of an unknown god.
   791 | D:1      | Became a worshipper of Cheibriados the Contemplative
   791 | D:1      | Reached * piety under Cheibriados
  1270 | D:2      | Slain by an orc

Illustrated notes

Levels and vault maps discovered:
D:1:      eino_arrival_tree_alley, layout_basic, ebering_ecumenical_altar_webs,
          minmay_tetromino_t4
D:2:      layout_basic

Skill      XL: |  1  2 |
---------------+-------+-----
Dodging        | 3 |  3.2
Throwing       | 2 |  2.0
Fighting       | |  2.0
Axes           | |  2.9
Armour         | |  0.1

Action                   || total
-------------------------++-------
Melee: War axe           ||    43
       Staff             ||     2
Throw: Throwing net      ||     2
  Use: Potion            ||     1
Armor: Leather armour    ||    23
       Ring mail         ||     8
       Skin              ||     4
Dodge: Dodged            ||    50
